 Dungeon Crawl Stone Soup version 0.26.0-15-gc6cd9f7 (webtiles) character file.

Game seed: 17962547813163693721

579 thesequoiad the Chiller (level 7, -7/54 HPs)
             Began as a Formicid Ice Elementalist on Jan 22, 2021.
             Mangled by Menkaure (16 damage)
             ... on level 4 of the Dungeon.
             The game lasted 00:13:33 (3881 turns).

thesequoiad the Chiller (Formicid Ice Elementalist) Turns: 3881, Time: 00:13:35

Health: -7/54      AC:  4    Str: 11 (12) XL:     7   Next: 63%
Magic:  10/13      EV: 12    Int: 15 (17) God:
Gold:   178        SH:  4    Dex: 10 (11) Spells: 4/15 levels left

rFire    . . .     SeeInvis +   a - +2 dagger (venom)
rCold    . . .     Faith    .   l - +0 buckler
rNeg     . . .     Spirit   .   k - +0 robe
rPois    .         Reflect  .   (helmet unavailable)
rElec    .         Harm     .   g - +0 cloak
rCorr    .         Rampage  .   (no gloves)
Will     .....                  n - +0 pair of boots
Stlth    ++........             (no amulet)
HPRegen  0.18/turn              (no ring)
MPRegen  0.13/turn              (no ring)

@: frozen ramparts
A: permanent stasis, dig shafts and tunnels, four strong arms, antennae 3
a: Dig, Shaft Self


You were on level 4 of the Dungeon.
You visited 1 branch of the dungeon, and saw 4 of its levels.

You collected 178 gold pieces.

Inventory:

Hand Weapons
 a - a +2 dagger of venom (weapon)
 h - a +0 dagger
 u - a +3 dagger of speed
 v - a +5 dagger of pain
Armour
 g - a +0 cloak (worn)
 k - a +0 robe (worn)
 l - a +0 buckler (worn)
 n - a +0 pair of boots (worn)
Jewellery
 m - an uncursed amulet of faith
Scrolls
 b - 2 scrolls of enchant weapon {unknown}
 c - 3 scrolls of identify {unknown}
 d - 3 scrolls of remove curse {unknown}
 f - a scroll of immolation {unknown}
 i - a scroll of teleportation {unknown}
 j - 2 scrolls of fog {unknown}
 p - 2 scrolls of blinking {unknown}
 q - a scroll of enchant armour {unknown}
 s - 2 scrolls of fear {unknown}
 x - a scroll of amnesia {unknown}
Potions
 o - 3 potions of degeneration
 t - a potion of might {unknown}
 w - a potion of berserk rage {unknown}


   Skills:
 + Level 4.1 Fighting
 - Level 1.7 Dodging
 - Level 2.4 Stealth
 - Level 2.4 Shields
 + Level 4.5 Spellcasting
 + Level 0.1 Conjurations
 * Level 6.1 Ice Magic


You had 4 spell levels left.
You knew the following spells:

 Your Spells              Type           Power        Failure   Level
a - Freeze                Ice            84%          1%          1
b - Frozen Ramparts       Ice            42%          4%          3
c - Ozocubu's Armour      Ice            21%          4%          3
d - Hailstorm             Conj/Ice       12%          43%         4

Your spell library contained the following spells:

 Spells                   Type           Power        Failure   Level
 Summon Ice Beast         Ice/Summ       12%          43%         4


Dungeon Overview and Level Annotations

Branches:
Dungeon (4/15)
 Temple: D:4-7

Altars:
Ashenzari
Elyvilon
Qazlal

Annotations:
D:4 Menkaure


Innate Abilities, Weirdness & Mutations

You cannot be hasted, slowed, berserked, paralysed or teleported.
You can dig through walls and to a lower floor.
Your four strong arms can wield two-handed weapons with a shield.
You have a pair of large antennae on your head. (SInv)


Message History

You aren't carrying any items that you can evoke.
It was a potion of degeneration.
There was something very wrong with that liquid.
You feel weakened.
You feel dopey.
You feel clumsy. Menkaure barely misses you.
It was a potion of haste.
Your stasis prevents you from being hasted.
Menkaure barely misses you.
It was a potion of magic.
Magic courses through your body. You block Menkaure's attack.
Casting: Frozen Ramparts (dangerous; 4% risk of failure)
Confirm with . or Enter, or press ? or * to list all spells.
Casting: Frozen Ramparts (dangerous; 4% risk of failure)
Press: ? - help, Dir - look around, f - activate The walls around you are covered in ice.
Menkaure completely resists.
The wall freezes Menkaure but does no damage.
You block Menkaure's attack.
Menkaure resists.
The wall freezes Menkaure.
Menkaure hits you!
You die...

#..............###......#......
##...###...###..###...<........
###. ###.####.#....##........
...(.#...###.#..######..#...
##......[........# #..##..
#........##....##.#........
#....#...#................#
#..#...#..#........###....##
.......#...@####..## #......
..........#M####....###.....
.......#...#........ .....
.....##...(...M.... .$
#..#........ ##..........
#.......... #..........
##.$.......


You could see Menkaure (fast).

Vanquished Creatures
  Sigmund (D:2)
  An ogre (D:4)
  A hound (D:4)
  Jessica (D:2)
  Terence (D:3)
  Natasha (thrice) (D:3)
  A worker ant (D:4)
  7 adders
  A shadow imp (D:2)
  An ooze (D:3)
  4 worms
  5 leopard geckos
  An orc (D:3)
  6 giant cockroaches
  6 goblins
  11 hobgoblins
  4 jackals (D:3)
  5 kobolds
  A quokka (D:3)
  4 bats
  4 frilled lizards
  9 rats
78 creatures vanquished.

Vanquished Creatures (others)
  A quokka (D:3)
1 creature vanquished.

Grand Total: 79 creatures vanquished

Notes
Turn   | Place    | Note
-------+----------+-------------------------------------------
     0 | D:1      | thesequoiad the Formicid Ice Elementalist began the quest
                  | for the Orb.
     0 | D:1      | Reached XP level 1. HP: 13/13 MP: 3/3
   170 | D:1      | Reached XP level 2. HP: 12/20 MP: 0/5
   536 | D:1      | Reached skill level 1 in Fighting
   587 | D:1      | Reached XP level 3. HP: 22/26 MP: 4/6
   592 | D:1      | Learned a level 3 spell: Frozen Ramparts
   596 | D:1      | Learned a level 3 spell: Ozocubu's Armour
  1083 | D:2      | Noticed Sigmund
  1466 | D:3      | Noticed Natasha
  1478 | D:3      | Reached skill level 1 in Shields
  1485 | D:3      | Killed Natasha
  1486 | D:3      | Reached XP level 4. HP: 9/33 MP: 2/8
  2068 | D:3      | Noticed Natasha
  2095 | D:3      | Killed Natasha
  2096 | D:3      | Reached XP level 5. HP: 22/38 MP: 5/9
  2230 | D:3      | Found a white marble altar of Elyvilon.
  2442 | D:3      | Noticed Terence
  2450 | D:3      | Killed Terence
  2451 | D:3      | Reached skill level 5 in Ice Magic
  2874 | D:2      | Reached XP level 6. HP: 45/46 MP: 10/10
  2973 | D:2      | Killed Sigmund
  3059 | D:2      | Reached XP level 7. HP: 50/52 MP: 12/12
  3094 | D:2      | Noticed Jessica
  3100 | D:2      | Killed Jessica
  3134 | D:2      | Reached skill level 6 in Ice Magic
  3476 | D:3      | Noticed Natasha
  3485 | D:3      | Killed Natasha
  3756 | D:4      | Learned a level 4 spell: Hailstorm
  3759 | D:4      | Found a stormy altar of Qazlal.
  3807 | D:4      | Found a broken altar of Ashenzari.
  3863 | D:4      | Noticed Menkaure
  3881 | D:4      | Mangled by Menkaure

Illustrated notes

Levels and vault maps discovered:
D:1:      minmay_arrival_five_plusses, layout_basic, minmay_misc_feat_plants,
          minmay_misc_feat_room
D:2:      layout_loops_ring, uniq_sigmund, uniq_jessica
D:3:      layout_basic, elyvilon_altar_4, dk_noncrumbling_2, uniq_natasha,
          uniq_terence
D:4:      layout_cave_pools, nicolae_overflow_crystal_walls,
          yredelemnul_forgotten_temple_becter, lemuel_round_altar, uniq_menkaure

Skill      XL: |  1  2  3  4  5  6  7 |
---------------+----------------------+-----
Fighting       | 1 2 3 4 |  4.1
Shields        | 1 2 |  2.4
Spellcasting   | 3 4 |  4.5
Ice Magic      | 5 6 |  6.1
Dodging        | |  1.7
Stealth        | |  2.4
Conjurations   | |  0.1

Action                   |  1- 3 |  4- 6 |  7- 9 || total
-------------------------+-------+-------+-------++-------
Melee: Unarmed           |     7 |       |       ||     7
       Dagger            |    17 |    51 |    31 ||    99
 Cast: Freeze            |    43 |     9 |     4 ||    56
       Frozen Ramparts   |     1 |     9 |     6 ||    16
 Abil: Dig               |       |     1 |       ||     1
  Use: Potion            |       |       |     3 ||     3
 Stab: Sleeping          |       |     4 |     2 ||     6
Armor: Robe              |     8 |     4 |     3 ||    15
Dodge: Dodged            |    36 |    23 |    20 ||    79
Block: Buckler           |       |     7 |     4 ||    11
